 Dungeon Sprint DCSS version 0.21.1-1-g345015f (webtiles) character file.

6120 Fang the Warrior (level 10, -7/102 (105) HPs)
             Began as a Minotaur Berserker on Apr 27, 2018.
             Was the Champion of Trog.
             Killed from afar by a deep elf mage (36 damage)
             ... with a lance of force
             ... in the Dungeon (Sprint V: "Ziggurat Sprint").
             The game lasted 00:03:46 (1319 turns).

Fang the Warrior (Minotaur Berserker)               Turns: 1319, Time: 00:03:46

HP:   -7/102 (105)  AC: 21    Str: 33    XL:     10   Next: 59%
MP:   9/9           EV: 13    Int:  4    God:    Trog [******]
Gold: 0             SH:  0    Dex: 10    Spells: 9/9 levels left

rFire    . . .     SeeInvis .   l - +8 long sword "Goozxio" {holy, Str+2}
rCold    . . .     Gourm    .   (no shield)
rNeg     . . .     Faith    .   j - +5 shadow dragon scales
rPois    .         Spirit   .   (helmet restricted)
rElec    .         Reflect  .   B - +0 cloak {+Inv}
rCorr    .         Harm     .   (no gloves)
MR       .....     NoTele   +   (no boots)
Stlth    +++.......             (no amulet)
HPRegen  0.27/turn              G - +6 ring of strength
MPRegen  0.11/turn              H - ring of flight

@: lethally poisoned (-7 -> -13), berserk cooldown, slowed, very slow
A: retaliatory headbutt, horns 2
a: Berserk, Trog's Hand, Brothers in Arms, Burn Spellbooks, Renounce Religion,
Evoke Invisibility, Evoke Flight


You were in the Dungeon.
You worshipped Trog.
Trog was exalted by your worship.
You were near starving.

You visited 1 branch

Inventory:

Hand Weapons
 b - a +5 battleaxe of freezing
 l - the +8 long sword "Goozxio" (weapon) {holy, Str+2}
   (You found it in the Dungeon)

   It has been blessed by the Shining One to cause great damage to the undead
   and demons.
   It affects your strength (+2).
 m - a +5 demon trident
Armour
 j - +5 shadow dragon scales (worn)
 B - a +0 cloak of invisibility (worn)
Jewellery
 G - a +6 ring of strength (left hand)
 H - a ring of flight (right hand)
Wands
 y - a wand of disintegration (7)
 z - a wand of iceblast (7)
 A - a wand of acid (7)
Scrolls
 i - 4 scrolls of blinking
 n - 7 scrolls of fog
 o - a scroll of holy word
 p - 5 scrolls of identify
 q - 5 scrolls of remove curse
 r - 2 scrolls of fear
Potions
 d - 10 potions of curing
 e - 10 potions of heal wounds
 f - 6 potions of haste
 g - 7 potions of magic
 h - 3 potions of berserk rage
 s - 2 potions of brilliance
 t - 2 potions of invisibility
 u - 4 potions of resistance
 w - 5 potions of agility
 x - 5 potions of might
Miscellaneous
 a - a box of beasts
 v - a sack of spiders
Comestibles
 c - 6 rations


   Skills:
 + Level 15.1 Fighting
 + Level 8.1 Long Blades
 + Level 13.7(15.4) Axes
 + Level 12.3(14.7) Polearms
 + Level 11.4 Armour
 + Level 8.7 Dodging
 + Level 2.5 Stealth


You had 9 spell levels left.
You didn't know any spells.

Dungeon Overview and Level Annotations

Branches:
Dungeon (1/1)

Altars:
Ashenzari
Cheibriados
Dithmenos
Elyvilon
Fedhas
Gozag
Hepliaklqana
Kikubaaqudgha
Makhleb
Nemelex Xobeh
Okawaru
Qazlal
Ru
Sif Muna
Trog
Uskayaw
Vehumet
Wu Jian
Xom
Yredelemnul
Zin
The Shining One
Beogh
Jiyva
Lugonu

Annotations:
D 1 transporter


Innate Abilities, Weirdness & Mutations

You reflexively headbutt those who attack you in melee.
You have a pair of horns on your head.


Message History

The deep elf mage casts a spell.
The deep elf mage blinks!
The deep elf mage closely misses you.
The deep elf knight mumbles some strange words.
The deep elf knight seems to speed up.
You slice the deep elf knight!!
You kill the deep elf knight!
Trog accepts your kill.
Trog appreciates your killing of a magic user.
Something appears at your feet! Trog grants you a weapon!
Your Fighting skill increases to level 15!
Your Long Blades skill increases to level 8!
You feel sick. The deep elf mage casts a spell at you. The magic dart hits you!
The battlesphere fires!
The barrage of energy hits you!
* * * LOW HITPOINT WARNING * * *
The deep elf mage gestures at you while chanting.
The lance of force hits you!
You die...

▓...©...▓
▓▓▓▓▓▓▓▓▓
▓..8©8..▓
▓..[:)..▓
▓..[})..▓
▓...e..§▓
▓......*▓
▓..)e†..▓
▓...@)..▓
▓.▓..§▓.▓
▓...©...▓
▓▓▓▓▓▓▓▓▓


You could see 2 deep elf magi and a battlesphere.

Vanquished Creatures
  A mummy priest (D)
  A dancing weapon (D)
  A deep elf knight (D)
  A deep elf mage (D)
  A yaktaur (shapeshifter) (D)
  A rime drake (shapeshifter) (D)
  A guardian mummy (D)
  A polar bear (shapeshifter) (D)
  A wyvern (shapeshifter) (D)
  A fire bat (shapeshifter) (D)
  4 fire elementals (D)
  A porcupine (shapeshifter) (D)
  2 hell hounds (D)
  A floating eye (D)
  4 mummies (D)
  An ooze (D)
  An adder skeleton (D)
  An adder zombie (D)
  A leopard gecko zombie (D)
  A fire vortex (D)
27 creatures vanquished.

Vanquished Creatures (others)
  A fire vortex (D)
1 creature vanquished.

Grand Total: 28 creatures vanquished

Notes
Turn   | Place    | Note
-------+----------+-------------------------------------------
     0 | D        | Found the +7 great mace "Firestarter" {inner flame, rF++}
     0 | D        | Fang the Minotaur Berserker began the quest for the Orb.
     0 | D        | Reached XP level 1. HP: 19/19 MP: 0/0
     3 | D        | Found a blossoming altar of Fedhas.
     5 | D        | Found a viscous altar of Jiyva.
     5 | D        | Found a hazy altar of Hepliaklqana.
     5 | D        | Found a transporter.
     5 | D        | Found an opulent altar of Gozag.
     5 | D        | Found an ancient bone altar of Kikubaaqudgha.
     5 | D        | Found a corrupted altar of Lugonu.
    11 | D        | Found a burning altar of Makhleb.
    12 | D        | Found a stormy altar of Qazlal.
    12 | D        | Found a sacrificial altar of Ru.
    12 | D        | Found an iron altar of Okawaru.
    12 | D        | Found a deep blue altar of Sif Muna.
    12 | D        | Found a sparkling altar of Nemelex Xobeh.
    12 | D        | Found a bloodstained altar of Trog.
    77 | D        | Entered arena 2.
    77 | D        | Noticed a floating eye
    77 | D        | Found a transporter.
    79 | D        | Killed a floating eye
    79 | D        | Reached skill level 7 in Fighting
    79 | D        | Reached skill level 1 in Polearms
    79 | D        | Reached XP level 2. HP: 34/34 MP: 1/1
    79 | D        | Reached XP level 3. HP: 39/39 MP: 2/2
    79 | D        | Reached XP level 4. HP: 47/47 MP: 3/3
    86 | D        | Reached ** piety under Trog
   117 | D        | Entered arena 3.
   117 | D        | Noticed a mummy priest
   117 | D        | Found a transporter.
   120 | D        | Noticed a rust devil
   123 | D        | Noticed a freezing wraith
   125 | D        | Killed a mummy priest
   125 | D        | Reached skill level 12 in Fighting
   125 | D        | Reached XP level 5. HP: 44/63 MP: 4/4
   125 | D        | Reached XP level 6. HP: 50/71 MP: 5/5
   125 | D        | Reached XP level 7. HP: 55/78 MP: 6/6
   125 | D        | Noticed a reaper
   128 | D        | Reached *** piety under Trog
   426 | D        | Entered arena 4.
   426 | D        | Noticed a fire elemental
   426 | D        | Noticed a fire elemental
   426 | D        | Noticed a fire elemental
   426 | D        | Found a transporter.
   434 | D        | Killed a fire elemental
   434 | D        | Reached skill level 5 in Polearms
   434 | D        | Reached XP level 8. HP: 85/85 MP: 7/7
   438 | D        | Reached **** piety under Trog
   438 | D        | Reached skill level 13 in Fighting
   498 | D        | Entered arena 5.
   498 | D        | Found a transporter.
   519 | D        | Reached XP level 9. HP: 35/94 MP: 8/8
   529 | D        | Got the ring "Xesozioj" {Wiz *Drain rF+ rC+ Slay+3}
   754 | D        | Got the +8 long sword "Goozxio" {holy, Str+2}
   758 | D        | Entered arena 6.
   758 | D        | Found a transporter.
   763 | D        | Reached ***** piety under Trog
   763 | D        | Reached skill level 14 in Fighting
   765 | D        | Noticed a yaktaur
   765 | D        | a hippogriff changed into a yaktaur
   765 | D        | Noticed a polar bear
   765 | D        | a hog changed into a polar bear
   769 | D        | Reached skill level 1 in Long Blades
   769 | D        | Reached skill level 10 in Polearms
   771 | D        | Killed a yaktaur
   774 | D        | Killed a polar bear
   774 | D        | Reached XP level 10. HP: 30/104 MP: 9/9
  1150 | D        | Entered arena 7.
  1151 | D        | Found a transporter.
  1159 | D        | Received a gift from Trog
  1304 | D        | Entered arena 8.
  1304 | D        | Noticed a deep elf mage
  1304 | D        | Noticed a deep elf mage
  1304 | D        | Noticed a glaive of venom
  1304 | D        | Noticed a deep elf knight
  1304 | D        | Noticed a deep elf mage
  1306 | D        | Found a transporter.
  1311 | D        | Killed a glaive of venom
  1311 | D        | Reached skill level 5 in Long Blades
  1311 | D        | Reached skill level 10 in Armour
  1317 | D        | Killed a deep elf mage
  1319 | D        | Killed a deep elf knight
  1319 | D        | Reached ****** piety under Trog
  1319 | D        | Received a gift from Trog
  1319 | D        | Reached skill level 15 in Fighting
  1319 | D        | Killed from afar by a deep elf mage

Skill      XL: |  1  2  3  4  5  6  7  8  9 10 |
---------------+-------------------------------+-----
Fighting       | 7 12 13 14 15 | 15.1
Axes           | 7 12 13 | 13.7
Polearms       | 1 4 5 9 11 12 | 12.3
Armour         | 4 7 8 9 11 | 11.4
Dodging        | 3 6 7 8 |  8.7
Stealth        | 2 |  2.5
Long Blades    | 3 8 |  8.1

Action                   |  1- 3 |  4- 6 |  7- 9 | 10-12 || total
-------------------------+-------+-------+-------+-------++-------
Melee: Demon trident     |     1 |     7 |    32 |       ||    40
       Headbutt          |       |       |    10 |    10 ||    20
       Long sword        |       |       |    13 |    23 ||    36
Invok: Berserk           |     1 |     1 |     1 |     1 ||     4
       Burn Spellbooks   |       |     1 |       |       ||     1
  Use: Potion            |       |       |     1 |       ||     1
  Eat: Ration            |       |       |     1 |       ||     1
Armor: Shadow dragon sca |       |     2 |    43 |    20 ||    65
Dodge: Dodged            |       |     2 |    46 |    16 ||    64
       Rpst.: Long sword |       |       |     5 |     6 ||    11
